Map: [ESL] Data-C

Players

iGCoffeeMs (Coffee)

  • Race: Terran Terran
  • League: Master

DPGJieShi (Jieshi) - Winner!

  • Race: Protoss Protoss

Event: DreamHack SC2 Masters 2022 Atlanta (Online)

VOD

Have the link to the VOD?

Description

Time

  • Played on: Oct. 9, 2022, 7:36 a.m.
  • Length: 23:42

All games in this series

Show
View Real Time Build Order
Export as new Build Order

iGCoffeeMs Terran 

Build Orders: Gas First Reaper Expand, Banshee Rush 

Get SALT Encoding   

  12  0:00  SCV  
  13  0:12  SCV  
  14  0:16  Supply Depot  
  14  0:24  SCV  
  14  0:28  Refinery  
  15  0:38  SCV  
  16  0:44  Barracks  
  16  0:50  SCV  
  17  1:02  SCV  
  18  1:14  SCV  
  19  1:31  Reaper, Orbital Command  
  20  1:43  Command Center  
  20  1:55  Factory  
  20  2:00  SCV  
  21  2:06  Barracks Reactor  
  21  2:12  SCV  
  21  2:13  Supply Depot  
  22  2:17  Refinery  
  22  2:24  SCV  
  23  2:36  SCV  
  24  2:46  Starport  
  24  2:48  SCV  
  24  2:49  Hellion x2  
  29  2:56  Barracks Tech Lab  
  29  3:00  Orbital Command  
  29  3:02  SCV  
  30  3:13  Hellion x2  
  30  3:16  SCV  
  35  3:25  SCV  
  36  3:28  SCV  
  36  3:29  Cloaking Field  
  36  3:31  Banshee  
  40  3:41  Factory Tech Lab  
  40  3:44  SCV x2  
  40  3:45  Supply Depot  
  40  3:46  Marine x2  
  44  3:53  Supply Depot  
  44  3:58  SCV x2  
  45  4:04  Marine  
  45  4:06  Siege Tank  
  47  4:13  Marine  
  47  4:14  SCV x2  
  46  4:18  Banshee  
  46  4:20  Bunker  
  46  4:22  Marine  
  48  4:26  SCV x2  
  48  4:30  Marine  
  51  4:34  Supply Depot  
  51  4:38  SCV, Siege Tank  
  51  4:39  SCV  
  57  4:49  Marine x2  
  57  4:50  SCV  
  57  4:51  SCV  
  60  4:57  Supply Depot  
  58  5:06  Command Center  
  58  5:08  Banshee  
  58  5:10  Barracks  
  58  5:11  SCV x2  
  58  5:12  Marine x2  
  62  5:21  Siege Tank  
  62  5:23  SCV  
  62  5:27  Engineering Bay, Refinery x2  
  66  5:30  SCV  
  66  5:34  Barracks  
  66  5:35  SCV  
  68  5:38  Marine x2  
  68  5:42  SCV  
  71  5:46  Supply Depot  
  71  5:47  Supply Depot, SCV  
  72  5:57  SCV  
  72  5:59  SCV  
  72  6:00  Barracks  
  72  6:01  Barracks, Terran Infantry Weapons Level 1  
  72  6:02  Starport Reactor  
  74  6:05  Stimpack  
  74  6:06  Factory Tech Lab  
  74  6:07  Marine  
  75  6:16  SCV x2  
  77  6:18  Supply Depot, Orbital Command  
  77  6:24  Marine x2  
  79  6:25  Marine  
  80  6:33  Combat Shield, Marine  
  80  6:34  Siege Tank  
  80  6:38  SCV  
  80  6:39  Supply Depot x2  
  85  6:40  SCV  
  85  6:42  Marine  
  87  6:49  Orbital Command  
  87  6:51  Medivac x2, Marine x2  
  93  6:55  Barracks Tech Lab  
  93  6:56  Barracks Reactor  
  93  7:03  SCV x2, Marauder x2  
  99  7:09  Siege Tank  
  99  7:14  Bunker  
  99  7:15  SCV x3  
  105  7:16  Missile Turret  
  105  7:26  Marauder x3  
  105  7:27  SCV x3  
  100  7:39  SCV  
  95  7:45  Marine x2  
  95  7:47  Marauder  
  95  7:50  Marine  
  95  7:51  Medivac, Siege Tank, Marine  
  95  7:59  Marauder x2  
  95  8:00  SCV x2  
  98  8:08  Marine x2  
  98  8:09  SCV, Marauder  
  100  8:15  Marine  
  100  8:19  SCV  
  100  8:20  SCV  
  100  8:21  Marauder x2  
  100  8:23  Marine  
  100  8:24  Siege Tank  
  100  8:26  SCV  
  109  8:29  Marine x2  
  109  8:30  Marauder  
  109  8:32  SCV x2  
  109  8:33  Refinery x2  
  115  8:37  Refinery  
  115  8:38  SCV  
  116  8:44  Marauder x2  
  121  8:48  SCV x2  
  121  8:49  Marine x4  
  121  8:50  SCV  
  121  8:52  Supply Depot x2  
  121  8:54  Ghost Academy  
  123  8:56  Siege Tank  
  123  9:00  SCV x2  
  123  9:01  Marauder  
  130  9:04  Terran Infantry Armor Level 1  
  130  9:06  Marauder  
  132  9:21  Viking x2  
  132  9:23  SCV x2, Marine x3  
  143  9:24  Enhanced Shockwaves  
  143  9:25  SCV  
  144  9:32  Bunker  
  144  9:33  Supply Depot  
  144  9:38  Supply Depot  
  144  9:41  Ghost  
  144  9:42  Ghost x2  
  144  9:44  Missile Turret, Marine  
  149  9:49  Marine x3  
  149  9:50  Siege Tank  
  155  9:54  Viking x2, Missile Turret  
  159  10:05  Command Center  
  159  10:06  Supply Depot  
  156  10:08  Supply Depot, Missile Turret  
  156  10:10  Marine x2  
  156  10:11  Marine x2  
  160  10:15  Ghost x2  
  160  10:19  Ghost  
  166  10:26  Supply Depot  
  166  10:27  Supply Depot  
  166  10:30  Marine x4  
  166  10:31  Siege Tank  
  171  10:44  Engineering Bay, Armory  
  171  10:47  Supply Depot  
  171  10:48  Supply Depot  
  171  10:49  Marauder x2  
  174  10:52  Marauder  
  174  10:53  Marine  
  179  10:59  Viking  
  179  11:00  Viking  
  181  11:04  Sensor Tower  
  179  11:25  Marauder  
  179  11:26  Marauder x2, Marine  
  179  11:27  Marine x3  
  179  11:32  Terran Infantry Weapons Level 2  
  185  11:33  SCV, Terran Infantry Armor Level 2  
  186  11:49  Marauder x3, Marine  
  186  11:50  Marine  
  186  11:53  Concussive Shells  
  191  11:56  Planetary Fortress  
  191  11:57  Liberator x2  
  197  12:11  Marauder  
  197  12:13  Marine  
  179  12:25  Marine x2  
  179  12:29  Marine x2  
  180  12:34  SCV, Sensor Tower  
  180  12:35  Sensor Tower  
  180  12:46  Marauder  
  180  12:47  Marauder, Marine x2, Siege Tank  
  180  12:48  Marauder  
  180  12:49  SCV  
  180  12:50  SCV x3  
  182  13:00  Refinery x2  
  182  13:02  SCV  
  182  13:03  Marine x2  
  182  13:05  Marine  
  171  13:14  Marauder  
  171  13:19  Marine  
  160  13:25  Marauder  
  160  13:26  Orbital Command, Marine x4  
  121  13:35  Marine  
  121  13:37  Marine  
  105  13:44  Marine x3  
  99  13:48  SCV  
  99  13:49  SCV  
  99  13:51  Medivac, Marine x2  
  99  13:52  Medivac  
  99  13:53  SCV  
  99  13:54  SCV  
  107  13:59  Siege Tank  
  110  14:04  Barracks  
  110  14:05  Barracks  
  110  14:06  Barracks  
  110  14:08  Marine x4  
  110  14:09  Marauder x2  
  118  14:10  SCV x2  
  118  14:12  Sensor Tower  
  120  14:28  Marine x4  
  120  14:30  Medivac x2  
  128  14:34  SCV x2  
  128  14:38  Marine x2  
  130  14:40  Ghost  
  130  14:41  SCV  
  130  14:42  SCV  
  130  14:45  Nuke  
  134  14:54  Marine x2  
  134  14:55  Marine x2, Ghost  
  134  14:56  Ghost  
  134  14:59  SCV x2  
  136  15:03  Sensor Tower  
  133  15:09  Barracks Tech Lab, Siege Tank  
  133  15:10  Barracks Reactor  
  136  15:18  Refinery  
  136  15:34  Marauder  
  136  15:35  Marauder x2, Marine x3  
  145  15:41  Barracks Tech Lab, Siege Tank  
  147  15:45  Marine x2  
  147  15:46  Marine  
  146  15:50  Marauder  
  146  15:51  Nuke  
  146  15:53  Marine  
  146  15:56  Supply Depot, Marauder x2  
  149  16:15  Marauder x2  
  149  16:16  Marauder  
  154  16:25  Marauder x2, Marine x2  
  156  16:34  Marine x4  
  156  16:35  Personal Cloaking, Siege Tank  
  156  16:37  Marauder  
  161  16:43  Marauder x2  
  163  16:50  Marine x3  
  163  16:51  Liberator x2  
  169  16:55  Supply Depot  
  169  16:58  Supply Depot  
  166  17:06  Marine x3  
  169  17:12  Ghost x2  
  171  17:16  Marine  
  171  17:17  Marine x2  
  173  17:24  Supply Depot  
  171  17:31  Terran Infantry Weapons Level 3  
  171  17:34  Liberator  
  170  17:43  Ghost  
  170  17:44  Ghost x2  
  170  17:48  Missile Turret  
  176  17:57  Ghost x2  
  161  18:13  Marauder  
  161  18:15  Marine x2  
  162  18:28  Medivac x2, Ghost x2  
  159  18:55  Marine x4  
  160  18:56  Marine x2  
  160  18:58  Medivac x2  
  160  19:00  Terran Infantry Armor Level 3  
  160  19:02  Command Center  
  169  19:08  Siege Tank  
  167  19:28  Medivac x2  
  160  19:32  Marine x3  
  160  19:33  Marine x2  
  163  19:41  Siege Tank  
  163  19:43  Marauder  
  163  19:44  Marauder x3, Marine x2  
  172  19:58  Medivac x2  
  174  20:08  Marauder, Marine x3  
  174  20:09  Marauder, Marine  
  180  20:20  Marauder x2, Marine x3  
  187  20:26  Nuke, Marine x2  
  187  20:28  SCV x2  
  188  20:30  Marauder x2  
  188  20:38  Marauder  
  182  20:50  Missile Turret  
  148  21:36  Marauder  
  148  21:38  Marine  
  148  21:39  Marine x3  
  127  21:40  Marine  
  127  21:41  Siege Tank, Marine x3  
  127  21:43  Liberator x2  
  127  21:45  SCV  
  127  21:46  SCV  
  131  21:59  Missile Turret  
  131  22:00  Sensor Tower  
  129  22:03  Marine x4  
  129  22:04  Marine x2  
  129  22:07  Orbital Command  
  135  22:09  Marauder  
  135  22:10  Marauder x3  
  135  22:12  SCV  
  144  22:33  Marauder x2  
  143  22:51  Marauder x2, Marine  
  143  22:52  Marine  
  135  23:04  Marauder  
  112  23:07  Marauder  
  86  23:14  Marauder  
  86  23:15  Marine  
  79  23:21  Marine x2  
Show
View Real Time Build Order
Export as new Build Order

DPGJieShi Protoss - Winner!

Build Orders: 1 Gate Expand, Blink Stalkers 

Get SALT Encoding   

  12  0:00  Probe  
  13  0:13  Probe  
  14  0:18  Pylon  
  14  0:25  Probe (Chrono Boost)  
  15  0:37  Gateway, Probe (Chrono Boost)  
  16  0:44  Probe (Chrono Boost)  
  16  0:46  Assimilator  
  17  0:51  Probe  
  18  1:03  Probe  
  19  1:15  Probe  
  20  1:23  Cybernetics Core  
  20  1:32  Nexus  
  20  1:38  Pylon  
  20  1:41  Probe  
  20  1:46  Assimilator  
  21  1:53  Probe  
  22  1:56  Stalker (Chrono Boost)  
  22  2:00  Warp Gate  
  24  2:05  Probe  
  25  2:17  Probe  
  25  2:21  Twilight Council  
  26  2:27  Stalker (Chrono Boost)  
  26  2:29  Probe  
  29  2:44  Gateway  
  30  2:45  Probe (Chrono Boost)  
  30  2:47  Probe (Chrono Boost)  
  31  2:54  Blink (Chrono Boost)  
  31  2:56  Probe (Chrono Boost)  
  31  2:57  Probe (Chrono Boost)  
  33  3:01  Probe (Chrono Boost)  
  34  3:06  Probe  
  35  3:14  Probe  
  35  3:16  Robotics Facility  
  35  3:18  Probe  
  37  3:26  Probe  
  38  3:30  Probe  
  39  3:44  Probe  
  39  3:45  Nexus  
  39  3:46  Probe, Pylon  
  41  3:53  Stalker  
  43  3:55  Stalker  
  44  4:05  Probe x2  
  40  4:14  Observer  
  40  4:17  Probe x2  
  41  4:20  Stalker x2  
  46  4:25  Shield Battery  
  46  4:27  Shield Battery  
  46  4:29  Probe  
  47  4:31  Probe  
  47  4:37  Charge (Chrono Boost)  
  48  4:41  Probe  
  48  4:43  Assimilator  
  49  4:46  Probe, Pylon  
  49  4:51  Shield Battery  
  50  4:53  Probe  
  50  4:58  Probe  
  52  5:02  Observer  
  52  5:04  Stalker x2  
  52  5:05  Probe  
  57  5:13  Probe  
  57  5:17  Probe  
  57  5:18  Forge  
  57  5:25  Probe  
  57  5:26  Probe  
  59  5:29  Gateway, Probe  
  60  5:38  Probe (Chrono Boost)  
  60  5:40  Probe (Chrono Boost)  
  60  5:41  Pylon  
  63  5:44  Gateway  
  63  5:46  Probe (Chrono Boost)  
  63  5:48  Protoss Ground Weapons Level 1 (Chrono Boost)  
  65  5:50  Probe (Chrono Boost)  
  65  5:52  Zealot x2, Observer  
  65  5:54  Probe (Chrono Boost)  
  65  5:56  Probe x2 (Chrono Boost), Pylon  
  71  6:03  Observer  
  72  6:04  Probe  
  72  6:06  Probe x2  
  72  6:08  Gateway  
  75  6:17  Probe  
  75  6:18  Probe x2  
  77  6:23  Photon Cannon  
  77  6:24  Warp Prism (Chrono Boost)  
  79  6:30  Probe x3  
  79  6:32  Gateway  
  82  6:36  Gateway  
  82  6:40  Sentry  
  82  6:41  Gateway  
  82  6:45  Photon Cannon  
  84  6:47  Photon Cannon  
  84  6:48  Probe x2  
  84  6:50  Stalker  
  86  6:55  Zealot x2  
  90  7:03  Pylon  
  90  7:04  Robotics Bay  
  90  7:08  Pylon  
  90  7:23  Pylon  
  90  7:26  Pylon  
  90  7:27  Zealot x4  
  98  7:35  Zealot x3  
  98  7:36  Zealot  
  92  7:38  Probe  
  92  7:39  Observer  
  91  7:48  Zealot x2, Extended Thermal Lance (Chrono Boost), Protoss Ground Armor Level 1 (Chrono Boost)  
  91  7:49  Zealot, Colossus  
  83  7:53  Stalker  
  83  7:55  Stalker  
  83  7:56  Zealot  
  83  7:57  Zealot  
  80  8:05  Probe  
  80  8:06  Nexus  
  80  8:10  Robotics Facility  
  80  8:18  Stalker x3  
  80  8:19  Probe  
  85  8:20  Probe x2  
  85  8:24  Zealot x3  
  92  8:29  Observer  
  92  8:32  Probe  
  92  8:33  Zealot x2, Probe x2  
  99  8:39  Shield Battery  
  99  8:47  Photon Cannon  
  99  8:49  Stalker x2, Pylon  
  99  8:50  Stalker  
  105  9:02  Zealot x3  
  117  9:03  Colossus (Chrono Boost)  
  117  9:06  Zealot x2  
  121  9:13  Colossus (Chrono Boost)  
  121  9:14  Observer  
  125  9:17  Probe x2  
  125  9:18  Probe  
  128  9:28  Zealot x5  
  128  9:30  Zealot  
  140  9:33  Pylon  
  140  9:42  Pylon  
  140  9:46  Shield Battery  
  140  9:51  Zealot, Stalker x2  
  140  9:52  Zealot x4  
  154  9:57  Warp Prism  
  154  9:59  Disruptor  
  159  10:17  Zealot x2, Pylon  
  159  10:19  Protoss Ground Weapons Level 2 (Chrono Boost)  
  159  10:21  Pylon  
  163  10:23  Pylon  
  163  10:24  Forge, Probe  
  163  10:25  Assimilator  
  164  10:29  Assimilator  
  164  10:32  Disruptor x2  
  164  10:35  Probe  
  165  10:42  Pylon  
  171  10:46  Probe  
  171  10:47  Nexus, Probe  
  171  10:49  Pylon  
  173  10:51  Pylon  
  173  10:52  Gateway  
  173  10:58  Gateway  
  173  10:59  Zealot x2  
  173  11:00  Zealot, Gateway  
  173  11:01  Probe  
  173  11:02  Gateway  
  180  11:05  Disruptor  
  183  11:16  Protoss Ground Armor Level 2 (Chrono Boost)  
  183  11:17  Disruptor  
  186  11:22  Nexus  
  186  11:31  Zealot x4  
  194  11:40  Disruptor  
  196  11:53  Disruptor  
  191  12:17  Nexus  
  191  12:19  Pylon  
  177  12:24  Zealot x4  
  177  12:25  Zealot x5  
  177  12:26  Disruptor  
  177  12:29  Disruptor, Protoss Ground Weapons Level 3 (Chrono Boost)  
  197  12:37  Pylon  
  197  12:42  Nexus  
  186  12:45  Pylon  
  186  12:47  Zealot x3  
  186  12:48  Zealot x3  
  186  12:49  Stalker x3  
  186  12:50  Stalker  
  198  13:05  Zealot x2  
  182  13:15  Zealot  
  182  13:16  Zealot x3, Stalker x2  
  182  13:17  Stalker  
  101  13:36  Stalker x2  
  101  13:37  Stalker x2  
  101  13:38  Zealot x3, Observer, Stalker x2  
  101  13:40  Disruptor (Chrono Boost)  
  90  13:45  Zealot x3, Pylon  
  90  13:49  Probe (Chrono Boost)  
  90  13:52  Disruptor (Chrono Boost), Probe x2 (Chrono Boost)  
  90  13:53  Probe (Chrono Boost)  
  96  13:59  Probe (Chrono Boost)  
  96  14:00  Probe (Chrono Boost)  
  96  14:01  Probe (Chrono Boost), Stalker x4  
  106  14:03  Zealot  
  106  14:05  Stalker  
  106  14:06  Probe  
  106  14:08  Zealot  
  113  14:15  Protoss Ground Armor Level 3 (Chrono Boost)  
  113  14:16  Disruptor  
  113  14:17  Observer  
  115  14:24  Stalker x2  
  115  14:25  Photon Cannon  
  115  14:30  Probe  
  120  14:34  Photon Cannon  
  120  14:35  Stalker  
  120  14:36  Stalker  
  124  14:41  Probe  
  124  14:42  Probe  
  123  14:46  Stalker  
  123  14:47  Stalker  
  117  14:53  Probe (Chrono Boost)  
  117  14:55  Stalker x3  
  117  14:58  Stalker  
  126  15:05  Probe (Chrono Boost)  
  127  15:08  Assimilator  
  127  15:10  Probe (Chrono Boost), Assimilator  
  132  15:15  Probe (Chrono Boost)  
  132  15:18  Disruptor (Chrono Boost), Zealot x3, Probe (Chrono Boost)  
  140  15:23  Probe (Chrono Boost)  
  140  15:25  Probe (Chrono Boost)  
  140  15:27  Photon Cannon  
  143  15:28  Probe (Chrono Boost)  
  143  15:29  Probe (Chrono Boost)  
  143  15:31  Probe (Chrono Boost)  
  143  15:32  Zealot  
  147  15:36  Probe (Chrono Boost)  
  147  15:37  Probe (Chrono Boost)  
  147  15:40  Zealot x2  
  147  15:41  Zealot x2  
  147  15:42  Probe (Chrono Boost)  
  157  15:49  Disruptor, Dark Shrine  
  161  15:51  Zealot  
  161  15:53  Zealot  
  164  15:58  Probe  
  164  16:03  Photon Cannon  
  163  16:11  Probe  
  164  16:13  Photon Cannon  
  164  16:14  Stalker x3  
  164  16:16  Shield Battery  
  164  16:17  Stalker  
  172  16:23  Zealot  
  172  16:24  Zealot x2  
  176  16:40  Observer x2  
  166  16:47  Nexus  
  166  16:48  Zealot x3  
  172  16:57  Protoss Shields Level 1 (Chrono Boost), Stalker x2  
  176  17:06  Probe (Chrono Boost)  
  178  17:16  Probe (Chrono Boost)  
  178  17:17  Nexus  
  178  17:20  Stalker x3  
  182  17:27  Pylon  
  182  17:28  Zealot  
  182  17:37  Disruptor (Chrono Boost)  
  188  17:45  Disruptor (Chrono Boost)  
  188  17:52  Assimilator  
  188  17:55  Assimilator  
  188  17:57  Dark Templar  
  174  18:24  Pylon  
  174  18:28  Disruptor  
  174  18:30  Pylon  
  170  18:49  Pylon  
  170  18:50  Pylon  
  170  18:51  Dark Templar  
  172  19:01  Nexus  
  172  19:05  Shield Battery, Photon Cannon  
  172  19:07  Pylon  
  172  19:15  Stalker x2  
  172  19:16  Stalker  
  178  19:24  Dark Templar  
  178  19:25  Dark Templar  
  178  19:30  Zealot  
  178  19:35  Shadow Stride (Chrono Boost)  
  176  19:44  Dark Templar  
  178  19:53  Dark Templar  
  179  20:18  Stalker x4  
  182  20:30  Assimilator  
  182  20:34  Dark Templar, Assimilator  
  182  20:35  Zealot x3  
  190  20:39  Photon Cannon  
  190  20:41  Photon Cannon  
  190  20:42  Shield Battery  
  190  20:43  Shield Battery  
  186  20:58  Nexus  
  186  20:59  Pylon  
  186  21:02  Dark Templar  
  188  21:07  Dark Templar  
  188  21:11  Zealot  
  188  21:12  Zealot x5  
  200  21:21  Dark Templar  
  196  21:28  Zealot x2  
  178  21:42  Stalker  
  178  21:43  Zealot x3  
  178  21:44  Zealot x2  
  190  21:48  Stalker  
  190  21:51  Stalker x2  
  190  21:52  Stalker  
  198  22:00  Zealot  
  200  22:05  Photon Cannon  
  200  22:06  Shield Battery  
  200  22:10  Pylon  
  200  22:13  Photon Cannon  
  200  22:15  Shield Battery  
  200  22:17  Pylon  
  190  22:30  Zealot x4, Dark Templar  
  190  22:35  Zealot  
  131  23:14  Zealot x5  
  131  23:15  Zealot x5  
  120  23:35  Zealot x5  
  120  23:36  Zealot x6  
Tags
 
Add a new tag
Caveats
  • Supply blocks, unpowered buildings, or Contaminate may cause inaccurate times.
  • Supply counts are checked every 10 seconds.